 Dungeon Crawl Stone Soup version 0.23-a0-494-g91793a9 (webtiles) character file.

29 Leeroy the Charmwright (level 3, 0/31 HPs)
             Began as a Gnoll Skald on Dec 3, 2018.
             Slain by a bullfrog skeleton (4 damage)
             ... on level 2 of the Dungeon.
             The game lasted 00:03:31 (705 turns).

Leeroy the Charmwright (Gnoll Skald)                 Turns: 705, Time: 00:03:32

Health: 0/31       AC:  3    Str: 14    XL:     3   Next: 16%
Magic:  5/9        EV: 14    Int: 15    God:
Gold:   53         SH:  0    Dex: 14    Spells: 7/12 levels left

rFire    . . .     SeeInvis .   a - +0 falchion
rCold    . . .     Gourm    .   (no shield)
rNeg     . . .     Faith    .   b - +0 leather armour
rPois    .         Spirit   .   (no helmet)
rElec    .         Reflect  .   (no cloak)
rCorr    .         Harm     .   (no gloves)
MR       .....                  (no boots)
Stlth    +.........             (no amulet)
HPRegen  0.10/turn              (no ring)
MPRegen  0.11/turn              (no ring)

@: infused
A: distributed training, fangs 1, strong nose
a: no special abilities


You were on level 2 of the Dungeon.
You were not hungry.

You visited 1 branch of the dungeon, and saw 2 of its levels.

You collected 53 gold pieces.

Inventory:

Hand Weapons
 a - a +0 falchion (weapon)
 e - a +0 dagger
 g - a +0 hand axe
 j - a +0 dagger
 q - a +0 mace
 r - a +0 dagger
 s - a +0 dagger
Missiles
 c - 98 stones (quivered)
 n - 31 poisoned needles
 y - 10 sling bullets
 A - 59 arrows
Armour
 b - a +0 leather armour (worn)
 h - a +0 chain mail
 x - a +0 ring mail
 z - a +0 scale mail
Magical Staves
 B - an uncursed staff of death
Jewellery
 v - a +4 ring of evasion {unknown}
Scrolls
 o - a scroll of immolation {unknown}
 p - 2 scrolls of fog {unknown}
 t - a scroll of magic mapping {unknown}
 u - a scroll of blinking {unknown}
 w - a scroll of teleportation {unknown}
Potions
 i - a potion of heal wounds {unknown}
 k - a potion of curing {unknown}
 l - a potion of lignification {unknown}
 m - a potion of ambrosia {unknown}
 C - a potion of brilliance {unknown}
Comestibles
 d - 3 rations
 f - 2 chunks of flesh


   Skills:
 + Level 4.5 Fighting
 + Level 0.6 Short Blades
 + Level 4.5 Long Blades
 + Level 0.6 Axes
 + Level 0.6 Maces & Flails
 + Level 0.6 Polearms
 + Level 0.6 Staves
 + Level 0.6 Slings
 + Level 0.6 Bows
 + Level 0.6 Crossbows
 + Level 0.6 Throwing
 + Level 2.5 Armour
 + Level 4.5 Dodging
 + Level 0.6 Stealth
 + Level 0.6 Shields
 + Level 0.6 Unarmed Combat
 + Level 5.0 Spellcasting
 + Level 0.4 Conjurations
 + Level 0.4 Hexes
 + Level 5.4 Charms
 + Level 0.4 Summonings
 + Level 0.4 Necromancy
 + Level 0.4 Translocations
 + Level 0.4 Transmutations
 + Level 0.4 Fire Magic
 + Level 0.4 Ice Magic
 + Level 0.4 Air Magic
 + Level 0.4 Earth Magic
 + Level 0.4 Poison Magic
 + Level 0.8 Invocations
 + Level 0.6 Evocations


You had 7 spell levels left.
You knew the following spells:

 Your Spells              Type           Power        Failure   Level  Hunger
a - Infusion              Chrm           ###.         2%          1    None
b - Song of Slaying       Chrm           ###.....     3%          2    ##.....
c - Shroud of Golubria    Chrm/Tloc      ##........   9%          2    ##.....

Your spell library contained the following spells:

 Spells                   Type           Power        Failure   Level  Hunger
 Regeneration             Chrm/Necr      ##........   19%         3    ###....
 Spectral Weapon          Hex/Chrm       ##......     19%         3    ###....


Dungeon Overview and Level Annotations

Branches:
Dungeon (2/15)

Altars:


Innate Abilities, Weirdness & Mutations

Your experience applies equally to all skills.
You have very sharp teeth.
Your uncanny sense of smell can sniff out nearby items.


Message History

The kobold hits you with a +0 short sword.
The bullfrog skeleton hits you. The kobold closely misses you.
You barely miss the bullfrog skeleton.
The bullfrog skeleton is heavily damaged.
The bullfrog skeleton barely misses you.
The kobold hits you with a +0 short sword.
You hit the bullfrog skeleton.
The bullfrog skeleton is severely damaged.
The bullfrog skeleton barely misses you.
The bullfrog skeleton hits you.
* * * LOW HITPOINT WARNING * * *
The kobold hits you with a +0 short sword.
* * * LOW HITPOINT WARNING * * *
There is an open door here.
The bullfrog skeleton hits you.
* * * LOW HITPOINT WARNING * * *
You hit the bullfrog skeleton!
The bullfrog skeleton is almost destroyed.
The bullfrog skeleton hits you.
You die...

...### #.# #....#
#.# #....# ##≈≈≈≈#
#.# #.$..# #≈≈≈≈≈#
#.. #....# #≈≈≈≈≈#
#.. #.().# ##≈≈≈≈#
#.. ##K### #≈≈≈≈≈#
#..
#Z#####≈≈≈≈≈####..
#@..88≈≈≈≈≈88..#..
#.................
#................#
#...88≈≈≈≈≈88..###
#...##≈≈≈≈<#####
###.#≈≈≈≈≈.#
#.#≈≈≈≈≈.#
#.#≈≈≈≈#.#
#.≈≈≈≈≈#.#


You could see a kobold and a bullfrog skeleton.

Vanquished Creatures
  A leopard gecko (D:1)
  2 bats (D:1)
  3 hobgoblins
  4 jackals (D:1)
  3 frilled lizards (D:1)
  A goblin (D:1)
  7 kobolds (D:1)
  8 rats
29 creatures vanquished.

Notes
Turn   | Place    | Note
-------+----------+-------------------------------------------
     0 | D:1      | Leeroy the Gnoll Skald began the quest for the Orb.
     0 | D:1      | Reached XP level 1. HP: 20/20 MP: 6/6
    39 | D:1      | Reached XP level 2. HP: 12/26 MP: 4/7
   224 | D:1      | Learned a level 2 spell: Song of Slaying
   227 | D:1      | Learned a level 2 spell: Shroud of Golubria
   330 | D:1      | Reached XP level 3. HP: 10/31 MP: 9/9
   414 | D:1      | Reached skill level 5 in Spellcasting
   705 | D:2      | Slain by a bullfrog skeleton

Vault maps used:
D:1:      minmay_arrival_five_plusses
D:2:      wander_river

Skill      XL: |  1  2  3 |
---------------+----------+-----
Spellcasting   | 5 |  5.0
Fighting       | |  4.5
Short Blades   | |  0.6
Long Blades    | |  4.5
Axes           | |  0.6
Maces & Flails | |  0.6
Polearms       | |  0.6
Staves         | |  0.6
Slings         | |  0.6
Bows           | |  0.6
Crossbows      | |  0.6
Throwing       | |  0.6
Armour         | |  2.5
Dodging        | |  4.5
Stealth        | |  0.6
Shields        | |  0.6
Unarmed Combat | |  0.6
Conjurations   | |  0.4
Hexes          | |  0.4
Charms         | |  5.4
Summonings     | |  0.4
Necromancy     | |  0.4
Translocations | |  0.4
Transmutations | |  0.4
Fire Magic     | |  0.4
Ice Magic      | |  0.4
Air Magic      | |  0.4
Earth Magic    | |  0.4
Poison Magic   | |  0.4
Invocations    | |  0.8
Evocations     | |  0.6

Action                   || total
-------------------------++-------
Melee: Falchion          ||    77
       Bite              ||    10
Throw: Stone             ||     2
 Cast: Infusion          ||     3
       Song of Slaying   ||     1
       Shroud of Golubri ||     1
  Use: Scroll            ||     1
 Stab: Sleeping          ||     1
Armor: Leather armour    ||    24
Dodge: Dodged            ||    62
       Rpst.: Falchion   ||    19

Table legend:
 A = Non-vault XP
 B = Vault XP
 C = Vault XP percentage of total XP
 D = Non-vault monster count
 E = Vault monster count
 F = Vault count percentage of total count
                 A         B        C        D         E       F
            +---------+---------+-------+---------+---------+-------
      Total |      42 |       0 |   0.0 |      29 |       0 |   0.0
            +---------+---------+-------+---------+---------+-------
        D:1 |      38 |       0 |   0.0 |      26 |       0 |   0.0
        D:2 |       4 |       0 |   0.0 |       3 |       0 |   0.0
            +---------+---------+-------+---------+---------+-------
